 Dungeon Crawl Stone Soup version 0.31-a0-154-g56bf346678 (webtiles) character file.

Game seed: 15778260592787483366

5 comborobin the Sneak (level 1, 0/13 HPs)
             Began as a Deep Elf Delver on June 11, 2023.
             Constricted to death by a ball python (1 damage)
             ... on level 2 of the Dungeon.
             The game lasted 00:01:16 (317 turns).

comborobin the Sneak (Deep Elf Delver)               Turns: 317, Time: 00:01:17

Health: 0/13       AC:  3    Str:  9    XL:     1   Next: 66%
Magic:  3/3        EV:  9    Int: 14    God:
Gold:   10         SH:  0    Dex: 16    Spells: 0/0 levels left

rFire   . . .        f - +0 lajatang
rCold   . . .        (shield currently unavailable)
rNeg    . . .        b - +0 leather armour
rPois   .            (no helmet)
rElec   .            (no cloak)
rCorr   .            (no gloves)
SInv    .            (no boots)
Will    .....        (no amulet)
Stlth   +++          (no ring)
HPRegen 0.22/turn    (no ring)
MPRegen 0.08/turn

%: no passive effects
@: constricted
A: no striking features
a: no special abilities


You were on level 2 of the Dungeon.
You visited 1 branch of the dungeon, and saw 5 of its levels.

You collected 10 gold pieces.

Inventory:

Hand Weapons
 a - a +0 short sword
 f - a +0 lajatang (weapon)
Armour
 b - a +0 leather armour (worn)
Wands
 g - a wand of digging (3)
Scrolls
 c - a scroll of fog


   Skills:
 - Level 2.4 Fighting
 - Level 2.0 Short Blades
 + Level 1.3 Staves
 - Level 2.4 Dodging
 - Level 6.0 Stealth


You couldn't memorise any spells.
You didn't know any spells.
Your spell library was empty.

Dungeon Overview and Level Annotations

Branches:
Dungeon (6/15)
 Temple: D:4-7

Altars:

Shops:
D:3 ![

Annotations:
D:2 Sigmund
D:3 3 runed translucent doors, IdlyInterested's ghost, amateur DsFi; knightboat's ghost, amateur TeAE


Message History

The ball python bites you but does no damage.
The ball python grabs you. The ball python constricts you.
The hobgoblin closely misses you.
You escape the ball python's grasp.
The hobgoblin attacks as you move away! The hobgoblin barely misses you.
You barely miss the ball python. The ball python barely misses you.
The ball python grabs you. The ball python constricts you.
You hit the ball python.
The ball python is severely wounded.
The ball python bites you but does no damage.
The ball python constricts you.
The ball python bites you but does no damage.
The ball python constricts you.
You closely miss the ball python.
The ball python is severely wounded.
The ball python bites you but does no damage.
The ball python misses you. The ball python constricts you.
The ball python misses you. The ball python closely misses you.
The ball python constricts you.
You slash the ball python!
You kill the ball python!
The ball python barely misses you. The ball python closely misses you.
You closely miss the ball python. The ball python bites you.
The ball python grabs you. The ball python constricts you.
The hobgoblin hits you. The ball python barely misses you.
The ball python constricts you. The hobgoblin hits you.
* * * LOW HITPOINT WARNING * * *
You are too injured to fight recklessly!
You are too injured to fight recklessly!
You aren't carrying any potions.
You escape the ball python's grasp.
An endoplasm comes into view.
You aren't carrying any potions.
Unknown command.
As you read the scroll labelled CIOMMYNWEO, it crumbles to dust.
It is a scroll of identify.
You don't currently have any unidentified items.
The ball python misses you. The ball python grabs you.
The ball python constricts you.
You die...

..# ..... .
..##.... .
.#####.#S...
.. ..........
... #.......
...#
......##..#
##.##...).#
#.Sg>.)..#
#.@#####.....
J......## #..
.###... #..##
#..# #.# ...
.. ...... ##
.#._.<


You could see an endoplasm (asleep), a hobgoblin and a ball python.

Vanquished Creatures
  A ball python (D:2)
  An endoplasm (D:2)
  A goblin (D:3)
  2 kobolds
5 creatures vanquished.

Notes
Turn   | Place    | Note
-------+----------+-------------------------------------------
     0 | D:5      | comborobin the Deep Elf Delver began the quest for the Orb.
     0 | D:5      | Reached XP level 1. HP: 13/13 MP: 3/3
    43 | D:5      | Noticed a hound
    44 | D:5      | Noticed a centaur
   228 | D:3      | Found Mullig's Distillery.
   241 | D:3      | Found Vokaz's Antique Armour Shop.
   243 | D:3      | Found a runed translucent gate.
   244 | D:3      | Found a runed translucent gate.
   244 | D:3      | Found a runed translucent gate.
   251 | D:3      | Noticed IdlyInterested's ghost (amateur DsFi)
   251 | D:3      | Noticed knightboat's ghost (amateur TeAE)
   268 | D:2      | Noticed Sigmund
   270 | D:2      | Found a faded altar of an unknown god.
   272 | D:2      | Reached skill level 1 in Staves
   317 | D:2      | Constricted to death by a ball python

Illustrated notes

Levels and vault maps discovered:
D:2:      layout_rooms, serial_shops, nicolae_shop_real_fake_doors,
          nicolae_ecumenical_pavilion, minmay_pentomino_pile, uniq_sigmund
D:3:      kennysheep_big_flooded_room, layout_loops_ring,
          nicolae_overflow_crystal_walls, gammafunk_ghost_cemetery,
          serial_shops, shop, shop, nicolae_shop_peninsula,
          nicolae_shop_crystal, minmay_mini_jars, uniq_crazy_yiuf_cottage
D:4:      layout_rooms, mainiacjoe_overflow_alcove_4
D:5:      layout_loops_ring, slow_altar_2, makhleb_blood_cavern_becter,
          temple_fountains
D:6:      cheibrodos_quashed, layout_basic, lemuel_flamethrower_1

Skill      XL: |  1 |
---------------+----+-----
Staves         | 1 |  1.3
Fighting       | |  2.4
Short Blades   | |  2.0
Dodging        | |  2.4
Stealth        | |  6.0

Action                     || total
---------------------------++-------
  Melee: Lajatang          ||    18
    Use: Scroll            ||     3
         Potion            ||     3
 Armour: Leather armour    ||     6
         Skin              ||     5
  Dodge: Dodged            ||    19

Table legend: (Time is in decaauts)
 A = Elapsed time spent in this place.
 B = Non-inter-level travel time spent in this place.
 C = Inter-level travel time spent in this place.
 D = Time resting spent in this place.
 E = Time spent auto-exploring this place.
 F = Levels seen in this place.
 G = Mean time per level.
                   A        B        C        D        E       F      G
               +--------+--------+--------+--------+--------+-----+--------+
         Total |    305 |    288 |     17 |     43 |    108 |   5 |   61.0 |
       Dungeon |    305 |    288 |     17 |     43 |    108 |   5 |   61.0 |
               +--------+--------+--------+--------+--------+-----+--------+

Top non-repeatable levels by time:
     D:3: 197 daAuts
     D:5: 70 daAuts
     D:2: 27 daAuts
     D:4: 7 daAuts
     D:6: 1 daAuts
